 Dungeon Crawl Stone Soup version 0.19.4-8-ga85b6b9 (webtiles) character file.

52415 Gargoyl the Cleaver (level 14, -13/122 HPs)
             Began as a Ghoul Abyssal Knight on Feb 11, 2017.
             Was a Priest of Lugonu.
             Mangled by a very large slime creature (16 damage)
             ... on level 12 of the Dungeon.
             The game lasted 00:46:53 (18066 turns).

Gargoyl the Cleaver (Ghoul Abyssal Knight)         Turns: 18066, Time: 00:46:53

Health: -13/122    AC: 30    Str: 16 (17) XL:     14   Next: 63%
Magic:  21/21      EV:  7    Int:  6 (7)  God:    Lugonu [***...]
Gold:   967        SH:  0    Dex: 11 (12) Spells: 0 memorised, 13 levels left

rFire  + . .     SeeInvis .     n - +5 executioner's axe (freeze)
rCold  + . .     Gourm    .     q - +0 plate armour
rNeg   + + +     Faith    .     (shield currently unavailable)
rPois  ∞         Spirit   .     d - +2 helmet
rElec  .         Reflect  .     o - +2 cloak
rCorr  +         Harm     .     r - +2 pair of gloves
MR     +....                    a - +2 pair of boots {Fly}
Stlth  ..........               (no amulet)
                                N - ring of protection from fire
                                A - ring of resist corrosion

@: flying, rotting
A: rotting body, claws 1, carnivore 3, cold resistance 1, negative energy
resistance 3, slow regeneration 1, torment resistance, unbreathing
a: Depart the Abyss, Bend Space, Banish, Renounce Religion, Stop Flying


You were on level 12 of the Dungeon.
You worshipped Lugonu.
Lugonu was most pleased with you.
You were not hungry.

You visited 2 branches of the dungeon, and saw 16 of its levels.
You visited the Abyss 1 time.
You also visited: Ice Cave.

You collected 967 gold pieces.

Inventory:

Hand Weapons
 e - a +6 war axe of freezing
 n - a +5 executioner's axe of freezing (weapon)
 B - a +2 trident
 E - a +1 hand axe of flaming
 K - a +1 war axe of freezing
 L - a +1 vampiric battleaxe
Missiles
 O - 5 poisoned javelins (quivered)
Armour
 a - a +2 pair of boots of flying (worn)
 d - a +2 helmet (worn)
 o - a +2 cloak (worn)
 q - a +0 plate armour (worn)
 r - a +2 pair of gloves (worn)
 x - cursed +0 fire dragon scales
 Q - a +0 shield
Jewellery
 A - a ring of resist corrosion (left hand)
 N - a ring of protection from fire (right hand)
Wands
 b - a wand of polymorph (9/24)
 h - a wand of slowing (20/48)
 j - a wand of paralysis (6/24)
 s - a wand of slowing (10/48)
 u - a wand of disintegration (24/24)
 y - a wand of random effects (28/48)
 z - a wand of iceblast (4/15)
 G - a wand of heal wounds (1/9)
 X - a wand of lightning (3/15)
Scrolls
 k - 4 scrolls of identify
 w - 4 scrolls of amnesia
 F - 6 scrolls of remove curse
 J - a scroll of fog
 P - 2 scrolls of recharging
Potions
 p - a potion of agility
 C - 4 potions of flight
 D - a potion of curing
 I - a potion of brilliance
Books
 i - a book of Minor Magic

   Spells                             Type                      Level
   a - Magic Dart                     Conjuration                  1
   b - Blink                          Translocation                2
   c - Call Imp                       Summoning                    2
   d - Repel Missiles                 Charms/Air                   2
   e - Slow                           Hexes                        2
   f - Conjure Flame                  Conjuration/Fire             3
   g - Mephitic Cloud                 Conjuration/Poison/Air       3
 t - a book of Cantrips

   Spells                             Type                      Level
   a - Confusing Touch                Hexes                        1
   b - Animate Skeleton               Necromancy                   1
   c - Summon Small Mammal            Summoning                    1
   d - Apportation                    Translocation                1
 M - a book of the Earth

   Spells                             Type                      Level
   a - Leda's Liquefaction            Hexes/Earth                  4
   b - Bolt of Magma                  Conjuration/Fire/Earth       5
   c - Statue Form                    Transmutation/Earth          6
   d - Iron Shot                      Conjuration/Earth            6
   e - Shatter                        Earth                        9
 S - the Volume of Hurtful Bewitchment
   (You found it on level 4 of the Lair of Beasts)

   Spells                             Type                      Level
   a - Confusing Touch                Hexes                        1
   b - Static Discharge               Conjuration/Air              3
   c - Spectral Weapon                Hexes/Charms                 3
   d - Tukima's Dance                 Hexes                        3
   e - Cause Fear                     Hexes                        4
   f - Darkness                       Hexes                        6
 T - a book of Air

   Spells                             Type                      Level
   a - Shock                          Conjuration/Air              1
   b - Swiftness                      Charms/Air                   2
   c - Repel Missiles                 Charms/Air                   2
   d - Static Discharge               Conjuration/Air              3
   e - Lightning Bolt                 Conjuration/Air              5
Comestibles
 c - 5 meat rations
 f - 2 royal jellies
 g - 3 beef jerkies
 m - 9 slices of pizza
 v - 10 chunks of flesh


   Skills:
 + Level 10.7 Fighting
 + Level 12.8 Axes
 + Level 2.8 Throwing
 * Level 12.6 Armour
 + Level 3.3 Dodging
 + Level 3.4 Shields
 * Level 11.9 Invocations
 + Level 2.6 Evocations


You had 13 spell levels left.
You didn't know any spells.

Dungeon Overview and Level Annotations

Branches:
Dungeon (12/15)            Temple (0/1) D:6            Lair (4/6) D:9
  Swamp (0/4) Lair:2       Spider (0/4) Lair:2          Orc (0/2) D:10

Altars:
Ashenzari
Dithmenos
Ru
Sif Muna
Trog
Uskayaw
Yredelemnul
The Shining One

Annotations:
Abyss:1 Azrael, Gastronok, Harold, Snorg


Innate Abilities, Weirdness & Mutations

Your body is rotting away.
You thrive on raw meat.
You are immune to poison.
You have sharp fingernails.
You are carnivorous and can eat meat at any time.
Your flesh is cold resistant. (rC+)
You are immune to negative energy. (rN+++)
You regenerate slowly when monsters are visible.
You are immune to unholy pain and torment.
You can survive without breathing.


Message History

The slime creature barely misses you.
You slash the slime creature! You freeze the slime creature.
The slime creature is almost dead.
You slash the very large slime creature!
You freeze the very large slime creature.
The very large slime creature hits you!!!
* * * LOW HITPOINT WARNING * * *
The slime creature hits you but does no damage.
You slash the slime creature! You freeze the slime creature.
You kill the slime creature!
Lugonu accepts your kill.
You hit the very large slime creature.
You freeze the very large slime creature.
The very large slime creature hits you but does no damage.
The very large slime creature hits you!!
* * * LOW HITPOINT WARNING * * *
Unknown command.
Unknown command.
The very large slime creature hits you!
You die...

.......####.##....##....##.##....
#....[......##...##....##...##...
#...........##.........[.........
............##...##....##...##...
.......####.##....##....##.##....
........###.#..##..#.##..#.#..##.
................##....##.....##..
................J#.##..#.....#).#
##.#............@...##....)....##
##.###.#.##[.##..##..#.##...##.#.
.............###..##....##.##....
.............# ##..#.##..#.#..##.
##.#####.##..# ##....##.....##(.
#.#***#.##..# #.....#.....#...
**,,,,,.,,...* #.#.............
.,,,,,,,,,,,** #...############
#************ ###.#


You could see a very large slime creature.

Vanquished Creatures
  Kirke (D:12)
  3 hydras
  A catoblepas (Lair:4)
  2 death yaks
  The ghost of Kloppie the Fighter, a novice DsBe of Trog (D:8)
  Urug (Lair:3)
  3 skeletal warriors (D:11)
  3 hill giants
  A cyclops (D:12)
  4 ugly things
  A manticore (D:12)
  Joseph (D:9)
  5 black mambas
  7 elephants
  2 ice statues (IceCv)
  2 spiny frogs
  Psyche (D:12)
  3 rime drakes
  5 komodo dragons
  A kobold demonologist (D:12)
  5 ice devils (IceCv)
  2 trolls
  3 polar bears
  4 tyrant leeches (Lair:2)
  8 blink frogs
  A two-headed ogre (D:8)
  2 slime creatures (D:12)
  4 hippogriffs
  2 wyverns
  A shadow (D:12)
  22 yaks
  5 hogs (D:12)
  A wraith (D:12)
  A basilisk (Lair:1)
  A fire elemental (D:12)
  A human (D:8)
  3 hungry ghosts
  Menkaure (D:7)
  4 hell hounds (D:12)
  9 water moccasins
  10 porcupines
  Duvessa (D:4)
  4 sky beasts
  6 ice beasts
  5 orc warriors
  3 black bears
  4 phantoms
  2 necrophages
  9 wolves
  3 centaurs
  6 ogres
  10 crocodiles
  A big kobold (D:12)
  13 bullfrogs
  Dowan (D:4)
  4 scorpions (Lair:2)
  6 wights
  8 killer bees (D:8)
  4 electric eels
  2 howler monkeys (D:9)
  5 crimson imps
  2 bullfrog zombies
  A bullfrog skeleton (D:5)
  7 hounds
  2 jellies
  9 orc priests
  8 orc wizards
  2 centaur skeletons
  6 iguanas
  9 worker ants
  2 howler monkey skeletons (D:8)
  12 adders
  13 gnolls
  4 shadow imps
  8 white imps (IceCv)
  7 ufetubi
  An ooze (D:2)
  2 adder skeletons
  An adder zombie (D:7)
  7 worms
  2 dart slugs (D:2)
  6 leopard geckos
  43 orcs
  6 giant cockroaches
  11 goblins
  7 hobgoblins
  8 jackals
  7 kobolds
  6 quokkas
  2 ball pythons
  10 bats
  4 frilled lizards
  A leopard gecko skeleton (D:4)
  A leopard gecko zombie (D:5)
  A quokka skeleton (D:4)
  10 rats
  A fungus (Lair:1)
  2 plants (Lair:2)
466 creatures vanquished.

Vanquished Creatures (collateral kills)
  A hobgoblin (D:1)
1 creature vanquished.

Vanquished Creatures (others)
  A reaper (IceCv)
  2 hydras
  A skeletal warrior (D:11)
  2 unseen horrors
  A lindwurm (Lair:4)
  A komodo dragon (Lair:1)
  3 ice devils (IceCv)
  2 yaks (D:12)
  2 hogs (D:12)
  An electric eel (Lair:2)
  3 white imps
  6 ufetubi (IceCv)
  A hobgoblin (D:3)
  4 fungi
  2 plants
  7 toadstools (Lair:4)
39 creatures vanquished.

Grand Total: 506 creatures vanquished

Notes
Turn   | Place    | Note
-------+----------+-------------------------------------------
     0 | Abyss:1  | Gargoyl the Ghoul Abyssal Knight began the quest for the Orb.
     0 | Abyss:1  | Reached XP level 1. HP: 19/19 MP: 1/1
   106 | Abyss:3  | Noticed a starcursed mass
   106 | D:1      | Escaped the Abyss
   185 | D:1      | Reached XP level 2. HP: 19/26 MP: 2/2
   217 | D:1      | Reached * piety under Lugonu
   241 | D:1      | Reached skill level 1 in Dodging
   695 | D:2      | Reached XP level 3. HP: 33/33 MP: 3/3
  1220 | D:2      | Reached ** piety under Lugonu
  1313 | D:2      | Reached XP level 4. HP: 38/41 MP: 4/4
  1687 | D:3      | Reached XP level 5. HP: 43/47 MP: 5/5
  1736 | D:3      | Found a glowing golden altar of the Shining One.
  1738 | D:3      | Noticed an angel
  1781 | D:3      | Found a basalt altar of Yredelemnul.
  1783 | D:3      | Noticed a profane servitor
  2184 | D:4      | Noticed Duvessa
  2262 | D:4      | Killed Duvessa
  2262 | D:4      | Reached XP level 6. HP: 41/55 MP: 7/7
  2532 | D:4      | Reached *** piety under Lugonu
  2651 | D:4      | Noticed Dowan
  2664 | D:4      | Killed Dowan
  2664 | D:4      | Reached skill level 5 in Fighting
  2664 | D:4      | Reached XP level 7. HP: 61/61 MP: 8/8
  3135 | D:5      | Entered Level 5 of the Dungeon
  3167 | D:5      | Reached skill level 5 in Axes
  3308 | D:5      | Reached XP level 8. HP: 68/68 MP: 9/9
  3833 | D:5      | Found a shadowy altar of Dithmenos.
  4025 | D:6      | Reached skill level 5 in Armour
  4256 | D:6      | Reached skill level 5 in Invocations
  4274 | D:6      | Reached XP level 9. HP: 60/75 MP: 11/11
  4391 | D:6      | Found a staircase to the Ecumenical Temple.
  4714 | D:6      | Found a sacrificial altar of Ru.
  5039 | D:7      | Reached **** piety under Lugonu
  5320 | D:7      | Noticed Menkaure
  5335 | D:7      | Killed Menkaure
  5493 | D:7      | Noticed a moth of wrath
  5496 | D:7      | Found a bloodstained altar of Trog.
  5707 | D:8      | Found a shattered altar of Ashenzari.
  5766 | D:8      | Reached XP level 10. HP: 79/84 MP: 13/13
  6504 | D:8      | Noticed Kloppie's ghost (novice DsBe)
  6534 | D:8      | Killed Kloppie's ghost
  7335 | D:9      | Found a staircase to the Lair.
  7337 | D:9      | Noticed a death yak
  7337 | D:9      | Noticed Joseph
  7352 | D:10     | Entered Level 10 of the Dungeon
  7502 | D:10     | Found a staircase to the Orcish Mines.
  7508 | D:10     | Reached XP level 11. HP: 88/94 MP: 14/16
  7827 | D:9      | Reached XP level 12. HP: 96/102 MP: 17/17
  7899 | D:9      | Reached ***** piety under Lugonu
  7964 | D:9      | Killed Joseph
  7964 | D:9      | Reached skill level 10 in Axes
  8231 | D:9      | Killed a death yak
  8302 | D:9      | Got a dazzling great mace
  8303 | D:9      | Identified the +3 great mace of Light {freeze, rC++ Stlth-} (You found it on level 9 of the Dungeon)
  8526 | D:9      | Found a deep blue altar of Sif Muna.
  8548 | D:9      | Found a hide-covered altar of Uskayaw.
  8666 | Lair:1   | Entered Level 1 of the Lair of Beasts
  8907 | Lair:1   | Reached skill level 10 in Armour
  9882 | Lair:2   | Noticed a seven-headed hydra
  9890 | Lair:2   | Banished a seven-headed hydra
  9968 | Lair:2   | Found a hole to the Spider Nest.
 10096 | Lair:2   | Found a staircase to the Swamp.
 10272 | Lair:2   | Reached skill level 1 in Shields
 11400 | Lair:2   | Noticed a four-headed hydra
 11407 | Lair:2   | Killed a one-headed hydra
 11407 | Lair:2   | Reached XP level 13. HP: 86/108 MP: 19/19
 11752 | Lair:3   | Noticed Urug
 11765 | Lair:3   | Killed Urug
 11807 | Lair:3   | Noticed Harold
 11825 | Lair:3   | HP: 2/111 [Harold/battleaxe of electrocution (5)]
 11826 | Lair:3   | Banished Harold
 12070 | Lair:3   | Reached skill level 10 in Invocations
 12235 | Lair:3   | Noticed Snorg
 12241 | Lair:3   | Banished Snorg
 12281 | Lair:3   | Noticed Gastronok
 12286 | Lair:3   | Banished Gastronok
 12952 | Lair:4   | Reached skill level 10 in Fighting
 13279 | Lair:4   | Found a runed door.
 13608 | Lair:4   | Identified the Volume of Hurtful Bewitchment
 14703 | D:11     | Reached XP level 14. HP: 46/121 MP: 21/21
 15402 | D:12     | Found a frozen archway.
 15414 | IceCv    | Entered an ice cave
 15544 | IceCv    | Killed a reaper
 16249 | IceCv    | Got a pair of slimy gloves
 16260 | IceCv    | Identified the cursed +0 pair of gloves of Leohihuz {rN+ Int+7} (You found it in an ice cave)
 17141 | D:12     | Noticed Psyche
 17152 | D:12     | Killed Psyche
 17473 | D:12     | Noticed Azrael
 17479 | D:12     | Banished Azrael
 17493 | D:12     | Noticed Kirke
 17518 | D:12     | Noticed a sphinx
 17776 | D:12     | Killed Kirke
 18065 | D:12     | HP: 3/122 [very large slime creature (18)]
 18066 | D:12     | Mangled by a very large slime creature

Skill      XL: |  1  2  3  4  5  6  7  8  9 10 11 12 13 14 |
---------------+-------------------------------------------+-----
Dodging        | 1 3 |  3.3
Armour         | 2 3 4 5 6 9 10 11 12 | 12.6
Fighting       | 4 5 6 8 9 10 | 10.7
Axes           | 2 3 4 5 6 8 9 11 12 | 12.8
Invocations    | 3 5 6 8 9 11 | 11.9
Throwing       | 2 |  2.8
Evocations     | 2 |  2.6
Shields        | 1 2 3 |  3.4

Action                   |  1- 3 |  4- 6 |  7- 9 | 10-12 | 13-15 || total
-------------------------+-------+-------+-------+-------+-------++-------
Melee: Hand axe          |   114 |   177 |   391 |     4 |   247 ||   933
       War axe           |       |       |   156 |   622 |   405 ||  1183
       Executioner's axe |       |       |       |       |   114 ||   114
Throw: Javelin           |       |       |       |       |    16 ||    16
Invok: Depart the Abyss  |     1 |       |       |       |       ||     1
       Banish            |       |       |       |     4 |    29 ||    33
       Bend Space        |       |       |       |       |     1 ||     1
Evoke: Wand              |       |     3 |       |     3 |     2 ||     8
  Use: Scroll            |     5 |     3 |     7 |    14 |    15 ||    44
       Potion            |       |       |    12 |     1 |    10 ||    23
 Stab: Invisible         |       |       |       |       |    12 ||    12
  Eat: Chunk             |     8 |    19 |    54 |    96 |   108 ||   285
       Meat ration       |       |       |       |       |     1 ||     1
Armor: Leather armour    |    20 |       |       |       |       ||    20
       Scale mail        |    62 |     3 |       |       |       ||    65
       Plate armour      |       |   142 |   481 |   536 |   703 ||  1862
Dodge: Dodged            |    88 |    50 |   159 |   208 |   210 ||   715
Block: Shield            |       |       |       |    39 |   289 ||   328
